 Dungeon Crawl Stone Soup version 0.31-a0-868-g674d60d6f7 (webtiles) character file.

Game seed: 17054477573856516446

610 lonewolfV2 the Chopper (level 7, -6/54 HPs)
             Began as a Formicid Fighter on Oct 11, 2023.
             Was an Initiate of Gozag.
             Mangled by a gnoll sergeant
             ... wielding a +4 heavy spear
              (11 damage)
             ... on level 5 of the Dungeon.
             The game lasted 00:06:40 (3067 turns).

lonewolfV2 the Chopper (Formicid Fighter)           Turns: 3067, Time: 00:06:41

Health: -6/54      AC:  7    Str: 20    XL:     7   Next: 72%
Magic:  7/7        EV: 10    Int: 14    God:    Gozag
Gold:   324        SH:  5    Dex: 15    Spells: 6/6 levels left

rFire   . . .        a - +1 war axe (chaos)
rCold   . . .        c - +0 buckler
rNeg    . . .        b - +0 scale mail
rPois   .            (helmet unavailable)
rElec   .            (no cloak)
rCorr   .            (no gloves)
SInv    +            (no boots)
Will    .....        (no amulet) Stlth
                     m - +6 ring of intelligence
HPRegen 0.29/turn    o - ring of flight
MPRegen 0.10/turn

%: no passive effects
@: flying
A: permanent stasis, dig shafts and tunnels, antennae 3, four strong arms
a: Dig, Shaft Self, Renounce Religion, Potion Petition, Call Merchant, Bribe
Branch


You were on level 5 of the Dungeon.
You worshipped Gozag.
Gozag was aware of your devotion.
You visited 1 branch of the dungeon, and saw 5 of its levels.

You collected 383 gold pieces.
You paid 59 gold pieces to Gozag.

Inventory:

Hand Weapons
 a - a +1 war axe of chaos (weapon)
Armour
 b - a +0 scale mail (worn)
 c - a +0 buckler (worn)
Jewellery
 m - a +6 ring of intelligence (left hand)
 o - a ring of flight (right hand)
Wands
 p - a wand of light (8)
Scrolls
 e - a scroll of blinking
Potions
 f - a potion of mutation
 h - a potion of lignification
 j - a potion of haste {unknown}
 k - 2 potions of degeneration
 l - 3 potions of brilliance
 q - a potion of cancellation {unknown}


   Skills:
 + Level 4.1 Fighting
 + Level 5.6 Axes
 + Level 5.4 Armour
 + Level 1.8 Dodging
 + Level 5.0 Shields


You had 6 spell levels left.
You didn't know any spells.
Your spell library contained the following spells:

 Spells                   Type           Power      Damage    Failure   Level
 Magic Dart               Conj           0%         1d3       67%         1
 Call Imp                 Summ           0%         N/A       82%         2
 Lesser Beckoning         Tloc           0%         N/A       82%         2
 Gell's Gravitas          Tloc           0%         N/A       96%         3
 Mephitic Cloud           Conj/Pois/Air  0%         N/A       96%         3
 Teleport Other           Tloc           0%         N/A       96%         3


Dungeon Overview and Level Annotations

Branches:
Dungeon (5/15)
 Temple: D:4-7

Altars:
Gozag
Okawaru
Xom

Shops:
D:3 (   D:4 *


Innate Abilities, Weirdness & Mutations

You cannot be hasted, slowed, berserked, paralysed or teleported.
You can dig through walls and to a lower floor.
You have a pair of large antennae on your head. (SInv)
Your four strong arms can wield two-handed weapons with a shield.


Message History

You slash the white imp!
The white imp is severely wounded.
The white imp hits you but does no damage.
You slash the white imp!
You kill the white imp!
You now have 310 gold pieces (gained 4).
You see here a +0 flail.
You now have 317 gold pieces (gained 7).
Things that are here:
a +0 whip; a +0 leather armour Your attacks no longer feel as feeble.
You now have 324 gold pieces (gained 7).
You see here a +0 club.
You start resting.
You feel a little less mighty now.
You start resting.
HP restored.
Things that are here:
a +0 whip; a +0 leather armour
There is a stone staircase leading down, spattered with blood here.
You fly downwards.
There is a stone staircase leading up, spattered with blood here.
There is a stone staircase leading up, spattered with blood here.
The gnoll throws a stone.
You block the stone.
The gnoll sergeant attacks as it pursues you!
The gnoll sergeant hits you from afar with a +4 heavy spear!
The gnoll throws a stone.
You block the stone. The gnoll sergeant closely misses you.
The gnoll sergeant hits you with a +4 heavy spear!
There is a stone staircase leading up, spattered with blood here.
You see here a throwing net.
You barely miss the gnoll sergeant.
The gnoll sergeant hits you with a +4 heavy spear!!
* * * LOW HITPOINT WARNING * * *
You closely miss the gnoll sergeant.
The gnoll sergeant hits you with a +4 heavy spear.
* * * LOW HITPOINT WARNING * * *
The gnoll sergeant hits you with a +4 heavy spear!
You die...
Your body crumbles into a pile of gold.

.≈≈≈.....##...≈≈
.#...≈≈g{{gggg.≈≈.
......≈≈≈≈ ≈≈≈≈≈≈.
.......... .......
.........##......
...#...#$#...#
.......#.....#
.........#..##
.........g@##
..........##
########### {{{
{{{ {{{ { {{{ {{{


You could see a gnoll sergeant and 3 gnolls.

Vanquished Creatures
  2 sky beasts (D:4)
  A scorpion (D:4)
  2 hounds (D:4)
  A jelly (D:4)
  A gnoll bouda (D:4)
  Ijyb (D:4)
  2 orc wizards (D:4)
  3 gnolls
  4 adders
  A white imp (D:4)
  3 worms
  3 dart slugs
  3 orcs
  4 ball pythons
  9 bats
  9 endoplasms
  2 giant cockroaches
  10 goblins
  7 hobgoblins
  7 jackals (D:4)
  5 kobolds
  3 quokkas
  2 frilled lizards (D:3)
  3 rats
88 creatures vanquished.

Vanquished Creatures (others)
  A hobgoblin (D:4)
1 creature vanquished.

Grand Total: 89 creatures vanquished

Notes
Turn   | Place    | Note
-------+----------+-------------------------------------------
     0 | D:1      | lonewolfV2 the Formicid Fighter began the quest for the
                  | Orb.
     0 | D:1      | Reached XP level 1. HP: 18/18 MP: 1/1
   152 | D:1      | Reached XP level 2. HP: 20/22 MP: 2/2
   575 | D:2      | Reached XP level 3. HP: 28/28 MP: 3/3
   813 | D:2      | Reached XP level 4. HP: 35/35 MP: 4/4
  1078 | D:3      | Found Juosodgh's Weapon Shop.
  1211 | D:3      | Found a faded altar of an unknown god.
  1457 | D:3      | Reached XP level 5. HP: 42/42 MP: 5/5
  1484 | D:3      | Found an iron altar of Okawaru.
  1597 | D:3      | Found a shimmering altar of Xom.
  2086 | D:4      | Found an opulent altar of Gozag.
  2098 | D:4      | Became a worshipper of Gozag Ym Sagoz the Greedy
  2148 | D:4      | Noticed Ijyb
  2156 | D:4      | Killed Ijyb
  2157 | D:4      | Reached skill level 1 in Dodging
  2240 | D:4      | Noticed a sky beast
  2246 | D:4      | Reached XP level 6. HP: 42/48 MP: 6/6
  2248 | D:4      | Killed a sky beast
  2249 | D:4      | Reached skill level 5 in Armour
  2306 | D:4      | Found Naoll's General Store.
  2594 | D:5      | Entered Level 5 of the Dungeon
  2598 | D:5      | Noticed a sky beast
  2603 | D:5      | Reached XP level 7. HP: 53/53 MP: 7/7
  2631 | D:4      | Reached skill level 5 in Axes
  2936 | D:4      | Reached skill level 5 in Shields
  3067 | D:5      | Mangled by a gnoll sergeant

Illustrated notes

Levels and vault maps discovered:
D:1:      dpeg_arrival_chambers_temple_mockup, layout_rooms, minmay_bisected
D:2:      layout_rooms, minmay_pentomino_t2
D:3:      layout_loops_ring, kennysheep_okawaru_gauntlet, marbit_many_paths,
          serial_shops, shop, shapermc_ecumenical_altar_mp_highgroup
D:4:      layout_gridville, mainiacjoe_overflow_24_doors, serial_shops,
          nicolae_shop_stone, uniq_ijyb
D:5:      layout_cave_pools, overflow_temple_1_default,
          minmay_temple_entry_gardened_gates, serial_shops, shop,
          nicolae_shop_real_fake_doors, shop, shop, serial_gnoll_camp,
          gnoll_camp_huts_moat, gnoll_camp_mini_basic, grums_kennel,
          gnoll_camp_mini_sergeant, lightli_church_of_beogh, uniq_grinder

Skill      XL: |  1  2  3  4  5  6  7 |
---------------+----------------------+-----
Axes           | 3 4 5 |  5.6
Armour         | 4 5 |  5.4
Dodging        | 1 |  1.8
Fighting       | 4 |  4.1
Shields        | 5 |  5.0

Action                     |  1- 3 |  4- 6 |  7- 9 || total
---------------------------+-------+-------+-------++-------
  Melee: War axe           |    72 |   116 |    40 ||   228
    Use: Scroll            |     8 |     6 |       ||    14
         Potion            |       |     3 |     5 ||     8
 Armour: Scale mail        |    73 |    98 |    74 ||   245
  Dodge: Dodged            |    65 |    58 |    34 ||   157
  Block: Buckler           |    39 |    37 |    30 ||   106

Table legend: (Time is in decaauts)
 A = Elapsed time spent in this place.
 B = Non-inter-level travel time spent in this place.
 C = Inter-level travel time spent in this place.
 D = Time resting spent in this place.
 E = Time spent auto-exploring this place.
 F = Levels seen in this place.
 G = Mean time per level.
                   A        B        C        D        E       F      G
               +--------+--------+--------+--------+--------+-----+--------+
         Total |   3150 |   3052 |     98 |    351 |   1712 |   5 |  630.0 |
       Dungeon |   3150 |   3052 |     98 |    351 |   1712 |   5 |  630.0 |
               +--------+--------+--------+--------+--------+-----+--------+

Top non-repeatable levels by time:
     D:4: 1080 daAuts
     D:3: 934 daAuts
     D:1: 591 daAuts
     D:2: 482 daAuts
     D:5: 62 daAuts
